 Dungeon Crawl Stone Soup version 0.22.1-6-g1668fe2 (webtiles) character file.

117 tamerofbeasts the Shield-Bearer (level 5, -5/33 HPs)
             Began as a Gargoyle Fighter on Jan 16, 2019.
             Slain by an ice beast (7 damage)
             ... on level 3 of the Dungeon.
             The game lasted 00:08:26 (2167 turns).

tamerofbeasts the Shield-Bearer (Gargoyle Fighter)  Turns: 2167, Time: 00:08:26

Health: -5/33      AC: 12    Str: 19    XL:     5   Next: 1%
Magic:  5/5        EV:  7    Int: 10    God:
Gold:   108        SH:  9    Dex:  9    Spells: 4/4 levels left

rFire    . . .     SeeInvis .   a - +0 flail
rCold    . . .     Gourm    .   c - +0 shield
rNeg     + . .     Faith    .   b - +0 scale mail
rPois    ∞         Spirit   .   (no helmet)
rElec    +         Reflect  .   (no cloak)
rCorr    .         Harm     .   (no gloves)
MR       .....                  e - +0 pair of boots
Stlth    ..........             (no amulet)
HPRegen  0.11/turn              (no ring)
MPRegen  0.09/turn              (no ring)

@: no status effects
A: negative energy resistance 1, electricity resistance, unbreathing,
petrification resistance, rot immunity, AC +4
a: no special abilities


You were on level 3 of the Dungeon.
You were not hungry.

You visited 1 branch of the dungeon, and saw 3 of its levels.

You collected 108 gold pieces.

Inventory:

Hand Weapons
 a - a +0 flail (weapon)
Armour
 b - a +0 scale mail (worn)
 c - a +0 shield (worn)
 e - a +0 pair of boots (worn)
Wands
 r - a wand of enslavement (13)
Scrolls
 g - 2 scrolls of fog {unknown}
 h - a scroll of blinking {unknown}
 j - 6 scrolls of identify {unknown}
 k - 2 scrolls of enchant armour {unknown}
 l - a scroll of teleportation {unknown}
 m - a scroll of enchant weapon {unknown}
 n - a scroll of random uselessness {unknown}
 o - a scroll of magic mapping {unknown}
 p - a scroll of remove curse {unknown}
Potions
 d - 2 potions of might
 i - a potion of curing {unknown}
 q - 2 potions of agility {unknown}
Comestibles
 f - a ration


   Skills:
 + Level 3.8 Fighting
 + Level 3.3 Maces & Flails
 + Level 3.6 Armour
 + Level 0.7 Dodging
 + Level 0.1 Stealth
 + Level 4.2 Shields


You had 4 spell levels left.
You didn't know any spells.
Your spell library was empty.

Dungeon Overview and Level Annotations

Branches:
Dungeon (3/15)

Altars:
Cheibriados
Uskayaw
Xom


Innate Abilities, Weirdness & Mutations

You are resistant to torment.
Your stone body is resilient. (AC +4)
You are immune to poison.
You resist negative energy. (rN+)
You are resistant to electric shocks. (rElec)
You can survive without breathing.
You are immune to petrification.
You are immune to rotting.


Message History

You closely miss the ice beast.
The ice beast is moderately wounded.
The ice beast hits you. The ice beast freezes you!
You completely miss the ice beast.
The ice beast is moderately wounded.
The ice beast hits you. The ice beast freezes you!
* * * LOW HITPOINT WARNING * * *
You hit the ice beast.
The ice beast is heavily wounded.
The ice beast barely misses you.
The ice beast hits you but does no damage.
You barely miss the ice beast.
The ice beast is heavily wounded.
You block the ice beast's attack.
You hit the ice beast but do no damage.
The ice beast is moderately wounded.
The ice beast hits you.
* * * LOW HITPOINT WARNING * * *
The ice beast freezes you!
You die...

#. #. #. #.## ..#
### #.# ... .## ###
#<###.#
.....#####.##
#.....#
......Y@..#.##
#...###
.###.###.###.###...#
..## ##.##.### ###
#.....# #.####.# #.#
#... #. #...# #
#..... #.###.#


You could see an ice beast.

Vanquished Creatures
  An iguana (D:2)
  2 adders (D:2)
  A worm (D:2)
  5 dart slugs
  3 leopard geckos (D:1)
  8 bats
  4 giant cockroaches
  3 hobgoblins (D:1)
  4 jackals (D:2)
  2 quokkas (D:2)
  2 ball pythons
  5 frilled lizards
  6 goblins (D:1)
  5 kobolds
  10 rats
  A plant (D:1)
62 creatures vanquished.

Notes
Turn   | Place    | Note
-------+----------+-------------------------------------------
     0 | D:1      | tamerofbeasts the Gargoyle Fighter began the quest for the
                  | Orb.
     0 | D:1      | Reached XP level 1. HP: 14/14 MP: 1/1
    67 | D:1      | Reached XP level 2. HP: 18/19 MP: 2/2
   409 | D:1      | Reached XP level 3. HP: 24/24 MP: 3/3
   809 | D:1      | Found a shimmering altar of Xom.
  1301 | D:2      | Reached skill level 4 in Shields
  1301 | D:2      | Reached XP level 4. HP: 8/29 MP: 4/4
  1726 | D:2      | Found a snail-covered altar of Cheibriados.
  1955 | D:2      | Reached XP level 5. HP: 33/33 MP: 5/5
  2066 | D:2      | Found a hide-covered altar of Uskayaw.
  2158 | D:3      | Noticed an ice beast
  2167 | D:3      | Slain by an ice beast

Skill      XL: |  1  2  3  4 |
---------------+-------------+-----
Shields        | 4 |  4.2
Maces & Flails | 3 |  3.3
Fighting       | |  3.8
Armour         | |  3.6
Dodging        | |  0.7
Stealth        | |  0.1

Action                   |  1- 3 |  4- 6 || total
-------------------------+-------+-------++-------
Melee: Flail             |   164 |    94 ||   258
  Eat: Ration            |     2 |       ||     2
Armor: Scale mail        |   103 |   100 ||   203
Dodge: Dodged            |    65 |    53 ||   118
Block: Shield            |    85 |    98 ||   183
